 Dungeon Crawl Stone Soup version 0.17-a0-1596-g1e86911 (console) character file.

85 FIQ the Skirmisher (level 4, -1/35 HPs)
             Began as a Demonspawn Chaos Knight on July 30, 2015.
             Slain by a spatial vortex (16 damage)
             ... summoned by the capriciousness of Xom
             ... on level 2 of the Dungeon.
             The game lasted 00:05:52 (1222 turns).

FIQ the Skirmisher (Demonspawn Chaos Knight)        Turns: 1222, Time: 00:05:52

Health: -1/35      AC:  5    Str: 13    XL:     4   Next: 25%
Magic:  4/4        EV: 12    Int: 13    God:    Xom [...*..]
Gold:   86         SH:  0    Dex: 13    Spells: 0 memorised, 3 levels left

rFire  . . .     SeeInvis .     a - +0 mace (chaos)
rCold  . . .     Clarity  .     b - +2 leather armour
rNeg   . . .     SustAt   .     (no shield)
rPois  .         Gourm    .     (no helmet)
rElec  .         Spirit   .     (no cloak)
rCorr  .         Warding  .     (no gloves)
rMut   .         Stasis   .     (no boots)
MR     .....                    (no amulet)
Stlth  +.........               (no ring)
                                (no ring)

@: not resistant to hostile enchantments, very unstealthy
A: foul stench 1, rot immunity
a: Renounce Religion


You were on level 2 of the Dungeon.
You worshipped Xom.
You were a favourite toy of Xom.
You were not hungry.

You visited 1 branch of the dungeon, and saw 2 of its levels.

You collected 86 gold pieces.

Inventory:

Hand weapons
 a - a +0 mace of chaos (weapon)
Armour
 b - a +2 leather armour (worn)
Scrolls
 d - a scroll of remove curse
 e - a scroll of teleportation
 h - a scroll of identify
Potions
 i - a potion of curing
 j - a potion of cure mutation
Comestibles
 c - 3 bread rations
 f - a chunk of flesh
 g - 3 meat rations


   Skills:
 + Level 3.4 Fighting
 + Level 3.4 Maces & Flails
 + Level 2.6 Armour
 + Level 1.7 Dodging


You had 3 spell levels left.
You didn't know any spells.

Dungeon Overview and Level Annotations

Branches:
Dungeon (2/15)

Altars:

Annotations:
D:2 Sigmund


Innate Abilities, Weirdness & Mutations

You may emit foul miasma when damaged in melee.
You are immune to rotting.


Message History

* * * LOW HITPOINT WARNING * * *
You hit the adder.
You kill the adder!
You feel sick.
You close the door.
You start resting.
You feel sick. x3
You are no longer poisoned.
You start resting.
You are now a favourite toy of Xom.
You start resting.
Some of the chunks of flesh in your inventory have rotted away.
You start resting.
Some of the chunks of flesh in your inventory have rotted away.
You start resting.
Xom notices you. 3 spatial vortices come into view.
You open the door. The spatial vortex closely misses you.
The spatial vortex hits you!
You die... "This toy is broken."

*,*********,,,*,,+.....'..#,,,*
**,,,,,,,,,,,,,*,,#.....#..#****
,,,*,,,,,,,,,,,***#.....####
**,*,,,,,,,,,,,*,,#.....#..#
*,*,,,,,,,,,,,*,,#.....#..#
***********####+####'####'## ##
#...............## #. ***
#................###. *,*
#.................... *******,*
#..#'####'####'###..† ,,,,,,,,*
#,,#@v#.....#..# #...
*******,*****,,#vv#.....#..# ###.
***,,,*,,,,,,,,####.....#### #.
*,,,*,*******,*#..#...÷.#..#####.
*,***,,,,,,,*,*#..'.....'..##...(
*,*********,*,*####'###'####..###
*,,,,,,,,,*,*,* #..#..#.....#
*,,,,,***,*,*,* #..'..#.....#
*,,,,,,,,,*<*,* #######.....#
*,,,,,*******,* #........#
*,,,,,,,,,,,,,* #.###.##.#


You could see 3 spatial vortices.

Vanquished Creatures
  6 adders (D:2)
  A giant gecko (D:1)
  3 ball pythons (D:2)
  2 bats (D:1)
  A bat (shapeshifter) (D:1)
  4 giant cockroaches (D:1)
  A goblin (D:1)
  2 hobgoblins
  3 jackals (D:1)
  A kobold (D:1)
  2 giant newts
  5 rats
31 creatures vanquished.

Notes
Turn   | Place    | Note
--------------------------------------------------------------
     0 | D:1      | FIQ the Demonspawn Chaos Knight began the quest for the Orb.
     0 | D:1      | Reached XP level 1. HP: 18/18 MP: 1/1
    96 | D:1      | Reached skill level 1 in Dodging
   120 | D:1      | Gained mutation: You are immune to rotting. [demonic ancestry]
   120 | D:1      | Reached XP level 2. HP: 13/24 MP: 2/2
   471 | D:1      | XOM: divination: detect items
   892 | D:2      | XOM: stealth player
   916 | D:2      | XOM: divination: detect items
   919 | D:2      | Gained mutation: You may emit foul miasma when damaged in melee. [demonic ancestry]
   919 | D:2      | Reached XP level 3. HP: 26/29 MP: 3/3
   960 | D:2      | Noticed Sigmund
  1037 | D:2      | XOM: harmless Fire miscast
  1072 | D:2      | Reached XP level 4. HP: 27/35 MP: 4/4
  1221 | D:2      | XOM: medium Tloc miscast
  1222 | D:2      | Noticed a spatial vortex
  1222 | D:2      | Noticed a spatial vortex
  1222 | D:2      | Noticed a spatial vortex
  1222 | D:2      | Slain by a spatial vortex

Vault maps used:
D:1:      erik_arrival_cave_to_civilisation
D:2:      first_bread, st_stairs_2, minmay_snake_closets, uniq_sigmund

Action                   |  1- 3 |  4- 6 || total
-------------------------+-------+-------++-------
Melee: Mace              |    84 |    10 ||    94
  Use: Scroll            |     5 |       ||     5
       Potion            |     1 |       ||     1
 Stab: Sleeping          |     2 |       ||     2
       Petrified         |     1 |       ||     1
  Eat: Chunk             |     1 |       ||     1
